Match 47178438
Unlisted

Match 47178438
End
Selects Italian Combined Arms Battlegroup
Selects Bersaglieri Squad
Bersaglieri Squad
250 Light Carrier
Bersaglieri Squad
Bersaglieri Squad
Selects Bersaglieri Bolster
Construct Light Support Kompanie
Fire Support Elements
Pak 38 Mechanized Group
Combat Half-tracks
Selects Breda Model 30 Light Machine Guns
Flakvierling Half-track
Veteran Squad Leaders
Vehicle Survival Package
Construct Panzerarmee Kommand
Flak 36 Anti-tank Gun Team
Selects Semovente da 75/18 Assault Gun
MG34 Team
Selects Strafing Run
Emergency Repair Kits
Walking Stuka Rocket Launcher
Selects Artillery Cover
Selects Artillery Cover
Selects Pact of Steel
Strafing Run
Walking Stuka Rocket Launcher
Strafing Run
Sol Invictus
lll
mentoss
markplaya10
Lancet
CannonFodder
lap
Knightz
0
0

Comments sign in to comment!

No comments posted yet!